 Dungeon Crawl Stone Soup version 0.23.2-30-g0e89c35649 (webtiles) character file.

Game seed: 5668665024952817127

88 Destapler the Sneak (level 4, 0/36 HPs)
             Began as a Naga Wizard on June 12, 2019.
             Slain by an adder (3 damage)
             ... on level 4 of the Dungeon.
             The game lasted 00:25:17 (2655 turns).

Destapler the Sneak (Naga Wizard)                   Turns: 2655, Time: 00:25:18

Health: 0/36       AC:  3    Str:  9    XL:     4   Next: 54%
Magic:  9/9        EV: 10    Int: 20    God:
Gold:   54         SH:  0    Dex:  9    Spells: 4/9 levels left

rFire    . . .     SeeInvis +   f - +3 dagger
rCold    . . .     Gourm    .   (no shield)
rNeg     . . .     Faith    .   a - +0 robe
rPois    +         Spirit   .   b - +0 hat
rElec    .         Reflect  .   (no cloak)
rCorr    .         Harm     .   e - +0 pair of gloves
MR       .....                  (no barding)
Stlth    ++........             (no amulet)
HPRegen  0.12/turn              (no ring)
MPRegen  0.11/turn              (no ring)

@: short of breath, very slow
A: large, see invisible, deformed body, poison resistance, slowness 2, slow
metabolism 1, spit poison 1, AC +1
a: Spit Poison


You were on level 4 of the Dungeon.
You were not hungry.

You visited 1 branch of the dungeon, and saw 3 of its levels.

You collected 54 gold pieces.

Inventory:

Hand Weapons
 f - a +3 dagger (weapon)
Missiles
 g - 15 poisoned needles
Armour
 a - a +0 robe (worn)
 b - a +0 hat (worn)
 e - a +0 pair of gloves (worn)
Jewellery
 h - an uncursed amulet of faith {unknown}
 k - an uncursed ring of magical power {unknown}
Scrolls
 i - a scroll of identify
Comestibles
 d - 3 rations


   Skills:
 - Level 0.6 Short Blades
 - Level 2.0 Dodging
 + Level 4.2 Stealth
 + Level 3.3 Spellcasting
 + Level 1.9 Conjurations
 + Level 1.6 Summonings
 + Level 1.5 Translocations


You had 4 spell levels left.
You knew the following spells:

 Your Spells              Type           Power        Failure   Level  Hunger
a - Magic Dart            Conj           ##..         6%          1    None
b - Blink                 Tloc           N/A          11%         2    ##.....
c - Call Imp              Summ           #.......     11%         2    ##.....

Your spell library contained the following spells:

 Spells                   Type           Power        Failure   Level  Hunger
 Slow                     Hex            #.......     21%         2    ##.....
 Conjure Flame            Conj/Fire      #.......     26%         3    ###....
 Mephitic Cloud           Conj/Pois/Air  #.......     30%         3    ###....


Dungeon Overview and Level Annotations

Branches:
Dungeon (2/15)

Altars:
Okawaru


Innate Abilities, Weirdness & Mutations

You cannot wear boots.
Your serpentine skin is tough. (AC +1)
You have supernaturally acute eyesight. (SInv)
Armour fits poorly on your strangely shaped body.
Your system is resistant to poisons. (rPois)
You cover ground very slowly.
You have a slow metabolism.
You can spit poison.


Message History

The orc closely misses you. The orc misses you. The adder barely misses you.
The adder bites you.
* * * LOW HITPOINT WARNING * * *
You aren't carrying any potions.
The adder closely misses you.
You hit the adder but do no damage. The adder bites you.
* * * LOW HITPOINT WARNING * * *
Press: ? - help, Shift-Dir - straight line, f - adder
Aim: an adder The splash of poison misses the adder.
The splash of poison misses the orc.
The splash of poison hits the two-headed ogre.
The two-headed ogre is lightly wounded.
You feel slightly more hungry. The adder barely misses you.
You barely miss the adder. The adder closely misses you.
The adder completely misses you.
You hit the adder.
The adder is moderately wounded.
The adder bites you.
You die...

#[# .#..# #.#
####.#..# ##
####.#####........
..
#................
#
####l##.......##.#
#OWoW.........#
#o##..#.#####.#
#S##..#.# #.#
#@##..#.# #.#
####..#o# #s#
........# #.#
.###..#.#####.#
#......$.W.####
#..............
##.#.#####..###
#.#.# #..# #.#.#
#..#


You could see a two-headed ogre, a phantom, an adder, an orc and a leopard
gecko.

Vanquished Creatures
  A hound (D:4)
  A hound skeleton (D:4)
  An adder (D:2)
  An ooze (D:1)
  An adder skeleton (D:4)
  A dart slug (D:4)
  2 leopard geckos
  A giant cockroach (D:1)
  6 goblins
  2 hobgoblins (D:1)
  2 jackals (D:4)
  3 bats
  4 frilled lizards (D:1)
  4 kobolds (D:1)
  3 rats
33 creatures vanquished.

Vanquished Creatures (collateral kills)
  A jackal (D:4)
1 creature vanquished.

Grand Total: 34 creatures vanquished

Notes
Turn   | Place    | Note
-------+----------+-------------------------------------------
     0 | D:1      | Destapler the Naga Wizard began the quest for the Orb.
     0 | D:1      | Reached XP level 1. HP: 15/15 MP: 4/4
   878 | D:1      | Reached XP level 2. HP: 22/22 MP: 4/6
   901 | D:1      | Learned a level 2 spell: Blink
   904 | D:1      | Learned a level 2 spell: Call Imp
  1756 | D:1      | Reached XP level 3. HP: 28/28 MP: 7/7
  2108 | D:2      | You fall through a shaft for 2 floors!
  2178 | D:4      | Noticed a scorpion
  2285 | D:4      | Reached skill level 4 in Stealth
  2285 | D:4      | Reached XP level 4. HP: 11/36 MP: 2/9
  2463 | D:4      | Found an iron altar of Okawaru.
  2472 | D:4      | Noticed a phantom
  2646 | D:4      | Noticed a two-headed ogre
  2655 | D:4      | Slain by an adder

Skill      XL: |  1  2  3 |
---------------+----------+-----
Dodging        | 2 |  2.0
Stealth        | 4 |  4.2
Short Blades   | |  0.6
Spellcasting   | |  3.3
Conjurations   | |  1.9
Summonings     | |  1.6
Translocations | |  1.5

Action                   |  1- 3 |  4- 6 || total
-------------------------+-------+-------++-------
Melee: Dagger            |    24 |    12 ||    36
 Cast: Magic Dart        |    65 |     3 ||    68
       Call Imp          |     6 |       ||     6
       Blink             |     1 |       ||     1
 Abil: Spit Poison       |     2 |     1 ||     3
  Use: Scroll            |     3 |     1 ||     4
       Potion            |     2 |       ||     2
 Stab: Distracted        |     1 |       ||     1
  Eat: Chunk             |     3 |     1 ||     4
Armor: Robe              |     5 |     2 ||     7
Dodge: Dodged            |    41 |    17 ||    58
